 Dungeon Crawl Stone Soup version 0.30.0-20-g3615ddf2f0 (webtiles) character file.

Game seed: 6404272226988038120

22022 qw the Cleaver (level 12, -2/67 (77) HPs)
             Began as a Gargoyle Fighter on May 28, 2023.
             Was an Elder of Okawaru.
             Killed from afar by an oklob plant (5 damage)
             ... with a splash of acid
             ... on level 4 of the Lair of Beasts on May 29, 2023.
             The game lasted 00:09:55 (12739 turns).

qw the Cleaver (Gargoyle Fighter)                  Turns: 12739, Time: 00:09:56

HP:   -2/67 (77)    AC: 20    Str: 32    XL:     12   Next: 96%
MP:   18/19         EV: 10    Int:  9    God:    Okawaru [****..]
Gold: 750           SH: 11    Dex:  9    Spells: 11/11 levels left

rFire   + . .        f - +7 war axe "Gyhiany" {drain, Drain rPois rN+ Str+7}
rCold   . . .        c - +0 buckler
rNeg    + + .        p - +1 plate armour
rPois   inf          j - +2 helmet
rElec   +            o - +1 cloak
rCorr   .            (no gloves)
SInv    .            e - +2 pair of boots
Will    .....        l - amulet of reflection Stlth
                     v - ring of protection from fire
HPRegen 0.31/turn    s - +4 ring of protection
MPRegen 0.16/turn

%: reflection
@: heroic, corroded, heavily drained
A: sickness immunity, AC +8, negative energy resistance 1, electricity
resistance, torment resistance 1, petrification resistance
a: Renounce Religion, Heroism, Finesse


You were on level 4 of the Lair of Beasts.
You worshipped Okawaru.
Okawaru was greatly pleased with you.
You visited 3 branches of the dungeon, and saw 14 of its levels.

You collected 909 gold pieces.
You spent 159 gold pieces at shops.


Innate Abilities, Weirdness & Mutations

You are immune to sickness and miasma.
Your stone body is resilient. (AC +8)
You are immune to poison.
You resist negative energy. (rN+)
You are resistant to electric shocks. (rElec)
You are resistant to unholy torment.
You are immune to petrification.


   Skills:
 - Level 10.0(15.0) Fighting
 - Level 13.0(18.0) Axes
 + Level 3.1(8.1) Throwing
 - Level 9.0(14.0) Armour
 - Level 2.5(7.5) Dodging
 - Level 6.1(11.1) Shields
 - Level 10.0 Invocations


You had 11 spell levels left.
You didn't know any spells.
Your spell library was empty.

Inventory:

Hand Weapons
 f - the +7 war axe "Gyhiany" (weapon) {drain, Drain rPois rN+ Str+7}
   (You found it on level 8 of the Dungeon)

   Str:       It affects your strength (+7).
   rPois:     It protects you from poison.
   rN:        It protects you from negative energy.
   Drain:     It drains your maximum health when unequipped.
 n - a +1 morningstar
Missiles
 h - 7 boomerangs
 i - a javelin (quivered)
Armour
 c - a +0 buckler (worn)
 e - a +2 pair of boots (worn)
 j - a +2 helmet (worn)
 o - a +1 cloak (worn)
 p - a +1 plate armour (worn)
Jewellery
 l - an amulet of reflection (around neck)
 s - a +4 ring of protection (right hand)
 u - a ring of resist corrosion
 v - a ring of protection from fire (left hand)
 x - a ring of resist corrosion
Wands
 t - a wand of digging (4)
Scrolls
 r - 6 scrolls of identify
Potions
 a - 2 potions of mutation
 b - a potion of resistance
 d - 3 potions of might
 g - 3 potions of lignification
 k - 3 potions of attraction
 m - 2 potions of curing
 q - 2 potions of haste
 w - a potion of magic

Dungeon Overview and Level Annotations

Branches:
Dungeon (9/15)             Temple (1/1) D:6            Lair (4/5) D:9
  Swamp (0/4) Lair:3        Snake (0/4) Lair:2        Slime (0/5) Lair:4
    Orc: D:9-12

Altars:
Cheibriados
Dithmenos
Elyvilon
Fedhas
Gozag
Hepliaklqana
Kikubaaqudgha
Makhleb
Nemelex Xobeh
Okawaru
Qazlal
Ru
Sif Muna
Trog
Uskayaw
Vehumet
Wu Jian
Xom
Yredelemnul
Zin
The Shining One
Jiyva

Shops:
D:2 =   D:4 (   D:6 :

Annotations:
D:7 1 runed translucent door, Crazy Yiuf
Lair:4 exclusion: 2 oklob plants


Message History

Enter note: The oklob plant spits acid at you.
The splash of acid hits you! The acid corrodes you!
The oklob plant spits acid at you. The splash of acid hits you.
You open the door.
Enter note:
Enter note:
Enter note:
Enter note:
Enter note:
Enter note:
Enter note:
Enter note:
Enter note:
Enter note:
Enter note:
Enter note:
Enter note:
Enter note:
Enter note:
Enter note:
Enter note:
Enter note:
Enter note:
Enter note:
Enter note:
Enter note:
Enter note:
Enter note:
Enter note:
Enter note:
Enter note:
Enter note:
Enter note:
Enter note:
There is an open door here.
The oklob plant spits acid at you. The splash of acid hits you.
You die...

.............................#.##
............###...##.........+...
###........## ######..........P#P
#..........# #[..........###
#.........P# ##..........# #
#P.#.....### #.........P#
###...>.P# ####....####
####P....############....###.#
................@#...........# ##
.................'...........P##.
P............'.#.............P...
...)..........####............P..
#............## #.............##
#............## #...........###
#.............# #....P.P....#
.............## ##.P...>...###
#............# #..........#


You could see an oklob plant.

Vanquished Creatures
  Harold (D:9)
  Erolcha (D:9)
  A hydra (Lair:4)
  A two-headed ogre (D:7)
  3 death yaks (Lair:2)
  A skyshark (Lair:3)
  7 elephants
  2 black mambas
  7 cane toads
  Maurice (D:9)
  2 komodo dragons
  3 rime drakes
  3 polar bears
  5 blink frogs (Lair:1)
  2 hornets (D:8)
  A shadow (D:9)
  12 yaks
  4 wyverns
  A wraith (D:9)
  Grum (D:9)
  A basilisk (Lair:2)
  A steam dragon (D:9)
  3 swamp worms (Lair:3)
  3 nagas (Lair:2)
  10 water moccasins
  An ice beast (D:8)
  2 orc warriors
  8 wolves
  2 centaurs
  5 bullfrogs
  3 kobold brigands
  A gnoll sergeant (D:8)
  2 scorpions
  4 wights (D:9)
  23 killer bees
  3 electric eels
  A vampire bat (D:3)
  A jelly (D:8)
  3 orc priests
  2 gnoll boudas
  An iron imp (D:5)
  Jessica (D:2)
  5 iguanas
  4 orc wizards
  4 hell rats (Lair:1)
  12 gnolls
  6 adders
  5 river rats (Lair:1)
  2 shadow imps (D:7)
  5 white imps
  A worm (D:2)
  3 dart slugs
  28 orcs
  7 ball pythons
  2 bat skeletons (D:3)
  3 bat zombies (D:3)
  3 endoplasms
  4 giant cockroaches
  9 goblins
  5 hobgoblins
  4 quokkas
  6 bats
  4 frilled lizards
  20 kobolds
  4 rats
286 creatures vanquished.

Notes
Turn   | Place    | Note
-------+----------+-------------------------------------------
     0 | D:1      | qw the Gargoyle Fighter began the quest for the Orb.
     0 | D:1      | Reached XP level 1. HP: 14/14 MP: 1/1
     0 | D:1      | 0 ||| qw: Version: 0.2-a-101-gf8a7cd0
     0 | D:1      | 0 ||| qw: Game counter: 278
     0 | D:1      | 0 ||| qw: Always use a shield: true
     0 | D:1      | 0 ||| qw: God list: Okawaru
     0 | D:1      | 0 ||| qw: Allow faded altars: false
     0 | D:1      | 0 ||| qw: Do Orc after D:15 true
     0 | D:1      | 0 ||| qw: Do second Lair branch before Depths: true
     0 | D:1      | 0 ||| qw: Lair rune preference: random
     0 | D:1      | 0 ||| qw: Plans: Normal, Zot:1-4, Slime:5, God:TSO, Crypt,
                  | Tomb, Pan, Hells, Abyss, Win
     0 | D:1      | 0 ||| PLANNING D:1-11
     4 | D:1      | 4 ||| Stepping ~*~*~tactically~*~*~ (hiding).
     5 | D:1      | 5 ||| Stepping ~*~*~tactically~*~*~ (hiding).
     7 | D:1      | 7 ||| Stepping ~*~*~tactically~*~*~ (hiding).
     9 | D:1      | 9 ||| Stepping ~*~*~tactically~*~*~ (hiding).
    11 | D:1      | 11 ||| Stepping ~*~*~tactically~*~*~ (hiding).
   151 | D:1      | Reached skill level 2 in Axes
   171 | D:1      | You fall into a shaft and drop 1 floor!
   176 | D:2      | 176 ||| UPGRADING to +2 pair of boots.
   229 | D:1      | Reached XP level 2. HP: 18/19 MP: 2/2
   332 | D:1      | 332 ||| Stepping ~*~*~tactically~*~*~ (stealth).
   544 | D:1      | 544 ||| UPGRADING to +2 helmet.
   549 | D:1      | 549 ||| UPGRADING to ring of resist corrosion.
   550 | D:1      | 550 ||| READING scroll labelled ITIRRUB OSHI.
   555 | D:1      | 555 ||| READING scroll labelled YNTACI GIULEO.
   556 | D:1      | 556 ||| READING scroll labelled FOAMIU OGUOKAK.
   557 | D:1      | 557 ||| READING scroll labelled SAWKUO ACVAPS.
   636 | D:2      | 636 ||| Stepping ~*~*~tactically~*~*~ (hiding).
   640 | D:2      | Reached skill level 3 in Axes
   644 | D:2      | Reached XP level 3. HP: 23/23 MP: 3/3
   663 | D:2      | 663 ||| Stepping ~*~*~tactically~*~*~ (stealth).
   674 | D:2      | 674 ||| DROPPING +0 club.
   836 | D:2      | Noticed Jessica
   839 | D:2      | 839 ||| Stepping ~*~*~tactically~*~*~ (hiding).
   844 | D:2      | Killed Jessica
   845 | D:2      | Reached XP level 4. HP: 15/28 MP: 4/4
   898 | D:2      | Found a white marble altar of Elyvilon.
   951 | D:2      | Reached skill level 4 in Axes
  1010 | D:2      | Found Ript's Jewellery Shoppe.
  1018 | D:2      | 1018 ||| SHOPLISTING +4 ring of protection (432 gold, have
                  | 73).
  1018 | D:2      | 1018 ||| SHOPLISTING amulet of guardian spirit (360 gold,
                  | have 73).
  1018 | D:2      | 1018 ||| SHOPLISTING ring "Lobitsag" {Will+ Int+6} (583
                  | gold, have 73).
  1018 | D:2      | 1018 ||| SHOPLISTING ring of ice (300 gold, have 73).
  1191 | D:2      | 1191 ||| UPGRADING to +0 ring mail of fire resistance.
  1201 | D:2      | 1201 ||| READING scroll labelled RUSISHUSTRE.
  1202 | D:2      | 1202 ||| READING scroll labelled IMNEIN HO PONG.
  1203 | D:2      | 1203 ||| READING scroll labelled YTULURININ.
  1204 | D:2      | 1204 ||| DRINKING 3 cyan potions.
  1205 | D:2      | 1205 ||| DRINKING 2 fizzy purple potions.
  1370 | D:3      | 1370 ||| DROPPING +0 whip.
  1409 | D:3      | 1409 ||| Stepping ~*~*~tactically~*~*~ (hiding).
  1793 | D:3      | Reached XP level 5. HP: 32/32 MP: 5/5
  2018 | D:3      | Found an ancient bone altar of Kikubaaqudgha.
  2034 | D:3      | Reached skill level 5 in Axes
  2193 | D:3      | 2193 ||| UPGRADING to +4 ring of protection.
  2194 | D:3      | 2194 ||| READING scroll labelled QUD DA UMUL.
  2295 | D:3      | 2295 ||| READING scroll labelled PYPTIE ZEUL.
  2296 | D:3      | 2296 ||| READING 2 scrolls of identify.
  2296 | D:3      | 2296 ||| IDENTIFYING purple potion
  2308 | D:4      | Found Pouk's Weapon Emporium.
  2311 | D:4      | 2311 ||| BUYING +1 war axe of freezing (159 gold).
  2311 | D:4      | Bought a +1 war axe of freezing for 159 gold pieces
  2311 | D:4      | 2311 ||| SWAPPING to +1 war axe of freezing.
  2312 | D:4      | 2312 ||| DROPPING +0 war axe.
  2426 | D:4      | 2426 ||| Stepping ~*~*~tactically~*~*~ (hiding).
  2427 | D:4      | 2427 ||| Stepping ~*~*~tactically~*~*~ (hiding).
  2430 | D:4      | Noticed a water moccasin
  2435 | D:4      | 2435 ||| DRINKING 2 potions of curing.
  2435 | D:4      | 2435 ||| (to cure confusion)
  2436 | D:4      | 2436 ||| Stepping ~*~*~tactically~*~*~ (hiding).
  2441 | D:4      | 2441 ||| DRINKING potion of curing.
  2441 | D:4      | 2441 ||| (to cure confusion)
  2448 | D:4      | HP: 7/32 [something/magic dart (7)]
  2449 | D:4      | 2449 ||| DRINKING 2 potions of heal wounds.
  2453 | D:4      | Reached skill level 1 in Dodging
  2456 | D:4      | Reached XP level 6. HP: 31/38 MP: 6/6
  2459 | D:4      | Killed a water moccasin
  2483 | D:4      | 2483 ||| DROPPING +1 whip of flaming.
  2592 | D:4      | Found a radiant altar of Vehumet.
  3065 | D:4      | 3065 ||| UPGRADING to amulet of guardian spirit.
  3070 | D:4      | 3070 ||| READING 3 scrolls of identify.
  3070 | D:4      | 3070 ||| IDENTIFYING fuming ruby potion
  3071 | D:4      | 3071 ||| READING 2 scrolls of identify.
  3071 | D:4      | 3071 ||| IDENTIFYING brown potion
  3072 | D:4      | 3072 ||| DROPPING potion of brilliance.
  3120 | D:5      | Entered Level 5 of the Dungeon
  3141 | D:5      | 3141 ||| DROPPING +0 flail.
  3152 | D:5      | 3152 ||| Stepping ~*~*~tactically~*~*~ (stealth).
  3163 | D:5      | Reached XP level 7. HP: 41/44 MP: 7/7
  3183 | D:5      | Found a blossoming altar of Fedhas.
  3274 | D:5      | Reached skill level 6 in Axes
  3335 | D:5      | Found a sparkling altar of Nemelex Xobeh.
  3369 | D:5      | Found a burning altar of Makhleb.
  3381 | D:5      | 3381 ||| DROPPING +0 scale mail.
  3382 | D:5      | 3382 ||| PLANNING D:1-11
  3382 | D:5      | 3382 ||| PLANNING D:1-11
  3382 | D:5      | 3382 ||| PLANNING D:1-11
  3382 | D:5      | 3382 ||| PLANNING D:1-11
  3382 | D:5      | 3382 ||| PLANNING D:1-11
  3458 | D:5      | Found a sacrificial altar of Ru.
  3482 | D:5      | 3482 ||| PLANNING D:1-11
  3533 | D:5      | Found a hide-covered altar of Uskayaw.
  3650 | D:5      | Found a shimmering blue altar of Sif Muna.
  3651 | D:5      | 3651 ||| UPGRADING to +0 chain mail.
  3661 | D:5      | 3661 ||| DROPPING +2 helmet.
  3662 | D:5      | 3662 ||| UPGRADING to ring of protection from fire.
  3664 | D:5      | 3664 ||| READING scroll labelled KINTYR ALAJIH.
  3665 | D:5      | 3665 ||| READING scroll labelled CUNNEBEREL.
  3666 | D:5      | 3666 ||| READING 4 scrolls of identify.
  3666 | D:5      | 3666 ||| IDENTIFYING clear potion
  3734 | D:6      | Reached skill level 7 in Axes
  3797 | D:6      | 3797 ||| Stepping ~*~*~tactically~*~*~ (stealth).
  3821 | D:6      | Found a glowing silver altar of Zin.
  3945 | D:6      | 3945 ||| Stepping ~*~*~tactically~*~*~ (hiding).
  3954 | D:6      | HP: 9/44 [acid dragon (9)]
  3955 | D:6      | 3955 ||| READING 2 scrolls of teleportation.
  3956 | D:6      | 3956 ||| DRINKING 3 potions of heal wounds.
  4038 | D:6      | Reached XP level 8. HP: 49/49 MP: 8/8
  4207 | D:6      | Found a staircase to the Ecumenical Temple.
  4208 | D:6      | 4208 ||| PLANNING TEMPLE
  4208 | D:6      | 4208 ||| DROPPING +0 ring mail of fire resistance.
  4209 | D:6      | 4209 ||| DROPPING +2 robe of resistance.
  4210 | D:6      | 4210 ||| UPGRADING to +0 plate armour.
  4220 | D:6      | 4220 ||| DROPPING +0 chain mail.
  4221 | D:6      | 4221 ||| DROPPING amulet of faith.
  4222 | D:6      | 4222 ||| READING 4 scrolls of identify.
  4222 | D:6      | 4222 ||| IDENTIFYING glowing grey potion
  4231 | Temple   | Entered the Ecumenical Temple
  4330 | Temple   | 4330 ||| PLANNING OKAWARU WORSHIP
  4356 | Temple   | Became a worshipper of Warmaster Okawaru
  4356 | Temple   | 4356 ||| PLANNING D:1-11
  4357 | Temple   | 4357 ||| REMOVING amulet of guardian spirit.
  4362 | Temple   | 4362 ||| DROPPING amulet of guardian spirit.
  4430 | D:6      | Found Deceliunt's Tremendous Tomes.
  4431 | D:6      | 4431 ||| Stepping ~*~*~tactically~*~*~ (stealth).
  4573 | D:6      | 4573 ||| READING 3 scrolls of identify.
  4573 | D:6      | 4573 ||| IDENTIFYING fizzy ruby potion
  4574 | D:6      | 4574 ||| DROPPING potion of degeneration.
  4646 | D:7      | Found a glowing golden altar of the Shining One.
  4731 | D:7      | 4731 ||| Stepping ~*~*~tactically~*~*~ (hiding).
  4857 | D:7      | 4857 ||| READING scroll labelled ENOOCZ YRGHEBBU.
  4858 | D:7      | 4858 ||| READING scroll labelled BAVOKL LIADD.
  5047 | D:7      | 5047 ||| FLEEEEING.
  5048 | D:7      | 5048 ||| FLEEEEING.
  5055 | D:7      | 5055 ||| FLEEEEING.
  5056 | D:7      | 5056 ||| FLEEEEING.
  5217 | D:7      | Found a runed translucent door.
  5218 | D:7      | Noticed Crazy Yiuf
  5310 | D:7      | 5310 ||| READING scroll labelled CESHOU RESAI.
  5357 | D:7      | 5357 ||| Stepping ~*~*~tactically~*~*~ (hiding).
  5609 | D:7      | Found a snail-covered altar of Cheibriados.
  5633 | D:7      | Noticed a two-headed ogre
  5637 | D:7      | Reached skill level 8 in Axes
  5641 | D:7      | HP: 12/49 [two-headed ogre/+0 giant club (19)]
  5641 | D:7      | HP: 1/49 [two-headed ogre/+0 giant club (11)]
  5642 | D:7      | 5642 ||| READING scroll of teleportation.
  5643 | D:7      | 5643 ||| DRINKING 3 potions of heal wounds.
  5645 | D:7      | 5645 ||| DRINKING 2 potions of heal wounds.
  5780 | D:7      | 5780 ||| Stepping ~*~*~tactically~*~*~ (stealth).
  5791 | D:7      | HP: 7/49 [two-headed ogre/+0 giant club (9)]
  5791 | D:7      | HP: 1/49 [two-headed ogre/+0 giant club (6)]
  5792 | D:7      | 5792 ||| DRINKING potion of heal wounds.
  5794 | D:7      | Killed a two-headed ogre
  5794 | D:7      | Reached * piety under Okawaru
  5795 | D:7      | Reached XP level 9. HP: 30/54 MP: 9/9
  6322 | D:8      | 6322 ||| INVOKING Heroism.
  6351 | D:8      | 6351 ||| Stepping ~*~*~tactically~*~*~ (hiding).
  6362 | D:8      | 6362 ||| Stepping ~*~*~tactically~*~*~ (hiding).
  6369 | D:8      | Reached skill level 1 in Invocations
  6479 | D:8      | Identified the +7 war axe "Gyhiany" {drain, Drain rPois rN+
                  | Str+7}
  6481 | D:8      | 6481 ||| SWAPPING to +7 war axe "Gyhiany" {drain, Drain
                  | rPois rN+ Str+7}.
  6482 | D:8      | 6482 ||| DROPPING +2 war axe of freezing.
  6820 | D:8      | 6820 ||| READING scroll of enchant armour.
  6820 | D:8      | 6820 ||| ENCHANTING +0 plate armour.
  6823 | D:8      | Noticed a hornet
  6829 | D:8      | Reached skill level 6 in Fighting
  6830 | D:8      | 6830 ||| INVOKING Heroism.
  6833 | D:8      | Killed a hornet
  6834 | D:8      | Reached skill level 3 in Invocations
  6944 | D:8      | 6944 ||| Stepping ~*~*~tactically~*~*~ (hiding).
  6954 | D:8      | Reached ** piety under Okawaru
  7062 | D:8      | Noticed a hornet
  7068 | D:8      | Killed a hornet
  7151 | D:8      | 7151 ||| Stepping ~*~*~tactically~*~*~ (stealth).
  7157 | D:8      | Reached skill level 9 in Axes
  7172 | D:8      | 7172 ||| Stepping ~*~*~tactically~*~*~ (stealth).
  7469 | D:8      | 7469 ||| UPGRADING to amulet of reflection.
  7474 | D:8      | 7474 ||| READING 3 scrolls labelled HEGGAH XOOJ.
  7475 | D:8      | 7475 ||| DROPPING 2 scrolls of fear.
  7502 | D:9      | 7502 ||| INVOKING Heroism.
  7507 | D:9      | Reached XP level 10. HP: 61/61 MP: 10/13
  7531 | D:9      | 7531 ||| Stepping ~*~*~tactically~*~*~ (stealth).
  7584 | D:9      | Noticed an orange crystal statue
  7586 | D:9      | 7586 ||| Stepping ~*~*~tactically~*~*~ (stealth).
  7705 | D:9      | Noticed Erolcha
  7706 | D:9      | 7706 ||| INVOKING Heroism.
  7710 | D:9      | 7710 ||| DRINKING potion of curing.
  7710 | D:9      | 7710 ||| (to cure confusion)
  7718 | D:9      | Killed Erolcha
  7720 | D:9      | Reached *** piety under Okawaru
  7721 | D:9      | Reached skill level 10 in Axes
  7959 | D:9      | 7959 ||| Stepping ~*~*~tactically~*~*~ (hiding).
  7984 | D:9      | 7984 ||| DROPPING +0 morningstar.
  8000 | D:9      | Noticed Grum
  8001 | D:9      | 8001 ||| INVOKING Heroism.
  8011 | D:9      | Reached skill level 3 in Throwing
  8014 | D:9      | Killed Grum
  8040 | D:9      | 8040 ||| INVOKING Heroism.
  8074 | D:9      | Found an opulent altar of Gozag.
  8309 | D:9      | Found a staircase to the Lair.
  8331 | D:9      | 8331 ||| INVOKING Heroism.
  8453 | D:9      | Noticed Harold
  8454 | D:9      | 8454 ||| Stepping ~*~*~tactically~*~*~ (stealth).
  8455 | D:9      | 8455 ||| INVOKING Heroism.
  8469 | D:9      | Killed Harold
  8470 | D:9      | Reached skill level 11 in Axes
  8470 | D:9      | Reached XP level 11. HP: 60/68 MP: 12/14
  8539 | D:9      | Noticed Maurice
  8549 | D:9      | Killed Maurice
  8549 | D:9      | Reached **** piety under Okawaru
  8698 | D:9      | 8698 ||| PLANNING LAIR
  8698 | D:9      | 8698 ||| UPGRADING to +1 cloak.
  8703 | D:9      | 8703 ||| READING 5 scrolls of identify.
  8703 | D:9      | 8703 ||| IDENTIFYING yellow potion
  8704 | D:9      | 8704 ||| DROPPING potion of berserk rage.
  8733 | Lair:1   | Entered Level 1 of the Lair of Beasts
  8734 | Lair:1   | 8734 ||| INVOKING Heroism.
  8803 | Lair:1   | 8803 ||| INVOKING Heroism.
  8820 | Lair:1   | 8820 ||| Stepping ~*~*~tactically~*~*~ (stealth).
  8821 | Lair:1   | 8821 ||| Stepping ~*~*~tactically~*~*~ (stealth).
  8840 | Lair:1   | 8840 ||| Stepping ~*~*~tactically~*~*~ (stealth).
  8865 | Lair:1   | 8865 ||| Stepping ~*~*~tactically~*~*~ (stealth).
  8867 | Lair:1   | 8867 ||| Stepping ~*~*~tactically~*~*~ (stealth).
  8910 | Lair:1   | 8910 ||| INVOKING Heroism.
  8913 | Lair:1   | Reached skill level 9 in Fighting
  8928 | Lair:1   | 8928 ||| Stepping ~*~*~tactically~*~*~ (stealth).
  8935 | Lair:1   | 8935 ||| INVOKING Heroism.
  8951 | Lair:1   | 8951 ||| Stepping ~*~*~tactically~*~*~ (stealth).
  9012 | Lair:1   | 9012 ||| INVOKING Heroism.
  9710 | Lair:1   | 9710 ||| READING scroll labelled NAKOKKEUMOGH.
  9711 | Lair:1   | 9711 ||| READING 5 scrolls of identify.
  9711 | Lair:1   | 9711 ||| IDENTIFYING metallic white potion
  9743 | Lair:2   | 9743 ||| Stepping ~*~*~tactically~*~*~ (stealth).
  9749 | Lair:2   | 9749 ||| INVOKING Heroism.
  9755 | Lair:2   | Reached skill level 6 in Invocations
  9845 | Lair:2   | 9845 ||| INVOKING Heroism.
  9897 | Lair:2   | 9897 ||| INVOKING Heroism.
  9918 | Lair:2   | 9918 ||| INVOKING Heroism.
 10030 | Lair:2   | 10030 ||| INVOKING Heroism.
 10037 | Lair:2   | Reached skill level 12 in Axes
 10185 | Lair:2   | 10185 ||| Stepping ~*~*~tactically~*~*~ (stealth).
 10188 | Lair:2   | 10188 ||| Stepping ~*~*~tactically~*~*~ (stealth).
 10195 | Lair:2   | 10195 ||| Stepping ~*~*~tactically~*~*~ (stealth).
 10208 | Lair:2   | Reached XP level 12. HP: 74/76 MP: 17/17
 10211 | Lair:2   | Reached skill level 6 in Shields
 10212 | Lair:2   | Reached ***** piety under Okawaru
 10245 | Lair:2   | 10245 ||| INVOKING Heroism.
 10345 | Lair:2   | 10345 ||| Stepping ~*~*~tactically~*~*~ (hiding).
 10347 | Lair:2   | 10347 ||| Stepping ~*~*~tactically~*~*~ (hiding).
 10356 | Lair:2   | Found a staircase to the Snake Pit.
 10481 | Lair:2   | Noticed a death yak
 10481 | Lair:2   | Noticed a death yak
 10482 | Lair:2   | 10482 ||| INVOKING Heroism.
 10483 | Lair:2   | Noticed a death yak
 10491 | Lair:2   | Killed a death yak
 10492 | Lair:2   | 10492 ||| INVOKING Finesse.
 10493 | Lair:2   | 10493 ||| INVOKING Finesse.
 10497 | Lair:2   | Killed a death yak
 10498 | Lair:2   | Reached skill level 9 in Armour
 10501 | Lair:2   | Killed a death yak
 10501 | Lair:2   | Received a gift from Okawaru
 10770 | Lair:3   | Noticed a skyshark
 10776 | Lair:3   | 10776 ||| INVOKING Heroism.
 10779 | Lair:3   | Killed a skyshark
 10780 | Lair:3   | Reached skill level 9 in Invocations
 10973 | Lair:3   | 10973 ||| Stepping ~*~*~tactically~*~*~ (stealth).
 10975 | Lair:3   | 10975 ||| Stepping ~*~*~tactically~*~*~ (stealth).
 11057 | Lair:3   | 11057 ||| Stepping ~*~*~tactically~*~*~ (hiding).
 11060 | Lair:3   | 11060 ||| INVOKING Heroism.
 11070 | Lair:3   | 11070 ||| Stepping ~*~*~tactically~*~*~ (stealth).
 11306 | Lair:3   | 11306 ||| INVOKING Heroism.
 11309 | Lair:3   | Found a staircase to the Swamp.
 11393 | Lair:3   | 11393 ||| DROPPING orb of light.
 11394 | Lair:3   | 11394 ||| READING scroll labelled ASTENA VAYROT.
 11441 | Lair:4   | Received a gift from Okawaru
 11443 | Lair:4   | 11443 ||| FLEEEEING.
 11545 | Lair:4   | 11545 ||| Stepping ~*~*~tactically~*~*~ (hiding).
 11635 | Lair:4   | 11635 ||| Stepping ~*~*~tactically~*~*~ (stealth).
 11673 | Lair:4   | Found a staircase to the Slime Pits.
 11675 | Lair:4   | Found a viscous altar of Jiyva.
 11676 | Lair:4   | 11676 ||| INVOKING Heroism.
 11677 | Lair:4   | 11677 ||| INVOKING Finesse.
 11678 | Lair:4   | 11678 ||| INVOKING Finesse.
 11688 | Lair:4   | HP: 14/77 [oklob plant/splash of acid (16)]
 11925 | Lair:4   | 11925 ||| INVOKING Heroism.
 11929 | Lair:4   | 11929 ||| Stepping ~*~*~tactically~*~*~ (stealth).
 11941 | Lair:4   | 11941 ||| Stepping ~*~*~tactically~*~*~ (stealth).
 11942 | Lair:4   | 11942 ||| Stepping ~*~*~tactically~*~*~ (stealth).
 11979 | Lair:4   | Noticed a seven-headed hydra
 11980 | Lair:4   | 11980 ||| INVOKING Heroism.
 11982 | Lair:4   | 11982 ||| Stepping ~*~*~tactically~*~*~ (stealth).
 11985 | Lair:4   | 11985 ||| SWAPPING to +1 morningstar.
 11988 | Lair:4   | Killed a seven-headed hydra
 11989 | Lair:4   | 11989 ||| SWAPPING to +7 war axe "Gyhiany" {drain, Drain
                  | rPois rN+ Str+7}.
 12011 | Lair:4   | Reached skill level 13 in Axes
 12478 | Lair:4   | 12478 ||| DRINKING 2 amethyst potions.
 12481 | Lair:4   | 12481 ||| INVOKING Heroism.
 12483 | Lair:4   | 12483 ||| FLEEEEING.
 12484 | Lair:4   | 12484 ||| FLEEEEING.
 12621 | Lair:4   | 12621 ||| FLEEEEING.
 12705 | Lair:4   | 12705 ||| FLEEEEING.
 12729 | Lair:4   | 12729 ||| INVOKING Heroism.
 12731 | Lair:4   | 12731 ||| FLEEEEING.
 12735 | Lair:4   | HP: 6/67 [oklob plant/splash of acid (14)]
 12736 | Lair:4   | HP: 2/67 [oklob plant/splash of acid (4)]
 12739 | Lair:4   | Killed from afar by an oklob plant

Levels and vault maps discovered:
D:1:      dpeg_arrival_round_b, layout_rooms
D:2:      layout_rooms, serial_shops, nicolae_shop_tiny_statue_garden,
          basic_altar, uniq_jessica
D:3:      layout_basic, kennysheep_vampire_church, dreamdust_princess_corridor
D:4:      layout_loops_ring, kennysheep_mini, nicolae_stop_n_shop_1, hex_large
D:5:      layout_rooms, nicolae_ru_the_path_less_chosen, demons_altar,
          mainiacjoe_overflow_surrounded_room, lemuel_blue_sif_altar,
          nemelex_xobeh_ov_fountains_minmay, general_overflow_altar
D:6:      layout_basic, zin_academy, minmay_temple_entry_tees,
          nicolae_shop_i_like_big_books, minmay_misc_feat_tiny,
          minmay_statues_item, lightli_minifort
D:7:      layout_basic, tso_altar, cheibriados_altar_1, serial_co_window_serial,
          co_window_of_opportunity_a, co_window_corner_a, co_window_paths_a,
          co_window_corner_a, co_window_corner_a, co_window_2corner,
          co_window_unsneaky_path_a, co_window_broadway_c,
          co_window_unsneaky_path_b, co_window_corner_ca, glass_columns_a,
          glass_columns_a, glass_columns_a, glass_columns_b, glass_columns_b,
          uniq_crazy_yiuf_cottage
D:8:      layout_loops_corners
D:9:      layout_gridville, mainiacjoe_overflow_alcove_1, david_lair_shrubbed,
          minmay_protected_statue, uniq_harold, uniq_grum, uniq_maurice,
          uniq_erolcha
Temple:   nicolae_temple_figure_zero
Lair:1:   layout_loops_ring, st_stairs_4, kennysheep_abandoned_house,
          serial_bayou_shore_a, lemuel_fruit_fields, infiniplex_staircase_pool,
          serial_bayou_shore_b, lemuel_fruit_tree
Lair:2:   layout_small_grid, nicolae_snake_entry_squirm, serial_bayou_lagoon_b
Lair:3:   layout_roguey, nicolae_swamp_entry_splash_gauntlet
Lair:4:   layout_roguey, minmay_slime_entry_oklob_open,
          chequers_serial_rivers_micro_e, ldierk_geyser

Skill      XL: |  1  2  3  4  5  6  7  8  9 10 11 12 |
---------------+-------------------------------------+-----
Axes           | 2 3 4 5 7 8 9 11 12 13 | 13.0
Dodging        | 1 2 |  2.5
Fighting       | 4 5 6 8 9 10 | 10.0
Throwing       | 2 3 |  3.1
Armour         | 7 8 9 |  9.0
Invocations    | 4 7 10 | 10.0
Shields        | 4 5 6 |  6.1

Action                     |  1- 3 |  4- 6 |  7- 9 | 10-12 || total
---------------------------+-------+-------+-------+-------++-------
  Melee: War axe           |   101 |   132 |   206 |   351 ||   790
         Morningstar       |       |       |       |     3 ||     3
  Throw: Boomerang         |       |    26 |    53 |    53 ||   132
         Javelin           |       |       |     9 |    26 ||    35
 Invoke: Heroism           |       |       |     3 |    25 ||    28
         Finesse           |       |       |       |     2 ||     2
    Use: Scroll            |     4 |     8 |    12 |     4 ||    28
         Potion            |       |     5 |     4 |     2 ||    11
 Armour: Scale mail        |    39 |    31 |       |       ||    70
         Ring mail         |       |    79 |     5 |       ||    84
         Chain mail        |       |       |    27 |       ||    27
         Plate armour      |       |       |    80 |   205 ||   285
  Dodge: Dodged            |    42 |    95 |    72 |    91 ||   300
  Block: Buckler           |    20 |    31 |    35 |   143 ||   229
         Reflection        |       |       |       |     7 ||     7

Table legend:
 A = Non-vault XP
 B = Vault XP
 C = Vault XP percentage of total XP
 D = Non-vault monster count
 E = Vault monster count
 F = Vault count percentage of total count
                 A         B        C        D         E       F
            +---------+---------+-------+---------+---------+-------
      Total |   26085 |    5375 |  17.1 |     245 |      41 |  14.3
            +---------+---------+-------+---------+---------+-------
        D:1 |      24 |       0 |   0.0 |      14 |       0 |   0.0
        D:2 |      65 |      37 |  36.3 |      27 |       1 |   3.6
        D:3 |      46 |      65 |  58.6 |      12 |       6 |  33.3
        D:4 |     277 |       0 |   0.0 |      13 |       0 |   0.0
        D:5 |     465 |      39 |   7.7 |      23 |       1 |   4.2
        D:6 |     345 |     139 |  28.7 |      11 |       4 |  26.7
        D:7 |    1134 |       0 |   0.0 |      12 |       0 |   0.0
        D:8 |    1894 |       0 |   0.0 |      34 |       0 |   0.0
        D:9 |    2272 |    3105 |  57.7 |      34 |       8 |  19.0
     Lair:1 |    3590 |    1008 |  21.9 |      15 |      14 |  48.3
     Lair:2 |    8326 |     458 |   5.2 |      27 |       3 |  10.0
     Lair:3 |    2900 |     524 |  15.3 |       9 |       4 |  30.8
     Lair:4 |    4747 |       0 |   0.0 |      14 |       0 |   0.0
            +---------+---------+-------+---------+---------+-------
